AoeStats
← Gorlami

Black Forest

510205013Analyzed
3v3 RM · 2d ago on Sep 29, 2026· 48m 11s· 6 players
Game mode
Random Map
Map size
Normal (6 player)
Population
200
Speed
Normal
Resources
Standard
Victory
Conquest
Starting age
Dark Age
Ending age
Imperial Age
RankedLock teamsTeams togetherTeam positionsShared explorationLock speedFull tech treeHidden civsTurbo modeCheats
Victory
Defeat
🇩🇪 Lithuanians · Germany
1973
+6
🇮🇹 Armenians · Italy
1955
+7
🇩🇪 Jurchens · Germany
1902
+9
🇦🇷 Wei · Argentina
1759
-8
🇦🇷 Hindustanis · Argentina
1733
-7
🇦🇷 Saracens · Argentina
1704
-7
RománMás3
1:30 Loom
16:47 Feudal Age
17:19 Double-Bit Axe
23:15 Castle Age
22:25 Fishing Lines
23:53 Gillnets
24:14 Bow Saw
26:39 Gold Mining
27:52 Scale Barding Armor
27:57 Forging
28:33 Forging
30:08 Chain Barding Armor
30:15 Bloodlines
30:06 Husbandry
30:54 Horse Collar
32:17 Wheelbarrow
31:47 Heavy Plow
35:37 Imperial Age
33:42 Hand Cart
33:40 Stone Mining
34:10 Padded Archer Armor
34:41 Fortified Wall
35:39 Leather Archer Armor
36:12 Masonry
37:35 Chemistry
37:07 Ring Archer Armor
38:50 Plate Barding Armor
38:58 Conscription
38:44 Shatagni
39:16 Coinage
39:22 Fletching
39:31 Heavy Camel Rider
40:48 Iron Casting
40:50 Banking
43:54 Blast Furnace
44:19 Bodkin Arrow
45:11 Grand Trunk Road
46:47 Caravan
Gorlami
1:07 Loom
18:53 Feudal Age
25:03 Scale Mail Armor
37:00 Double-Bit Axe
38:47 Horse Collar
44:10 Castle Age
45:58 Bow Saw
47:15 Heavy Plow
47:52 Wheelbarrow
Chechelino
10:17 Loom
12:03 Feudal Age
16:13 Castle Age
18:56 Scale Barding Armor
18:51 Double-Bit Axe
22:33 Forging
23:08 Husbandry
23:21 Bloodlines
23:57 Gold Mining
27:54 Chain Barding Armor
29:36 Fishing Lines
30:19 Horse Collar
31:14 Stone Mining
31:19 Fletching
31:59 Bow Saw
32:50 Wheelbarrow
39:03 Imperial Age
37:19 Iron Casting
37:31 Masonry
38:55 Ballistics
39:02 Hand Cart
39:23 Gold Shaft Mining
39:55 Elite Mameluke
43:53 Conscription
45:03 Plate Barding Armor
45:29 Blast Furnace
RoR | Smokealot
0:31 Loom
25:29 Feudal Age
29:55 Castle Age
28:47 Fishing Lines
29:01 Horse Collar
29:08 Double-Bit Axe
30:28 Town Watch
31:18 Wheelbarrow
31:48 Bow Saw
31:34 Gillnets
32:15 Gold Mining
33:51 Fortified Wall
34:29 Gold Shaft Mining
33:44 Stone Mining
34:57 Heavy Plow
36:09 Hand Cart
39:24 Imperial Age
37:42 Siege Engineers
37:57 Ballistics
37:59 Forging
37:49 Scale Mail Armor
38:40 Stone Shaft Mining
38:37 Squires
38:23 Arson
38:23 Gambesons
39:28 Iron Casting
40:06 Chain Mail Armor
39:56 Fortified Bastions
40:16 Fletching
40:26 Padded Archer Armor
41:50 Chemistry
40:17 Heavy Rocket Cart
40:41 Elite Fire Lancer
41:37 Caravan
41:28 Capped Ram
41:58 Siege Ram
43:48 Blast Furnace
43:19 Guilds
43:23 Bodkin Arrow
43:44 Leather Archer Armor
42:51 Pikeman
44:07 Halberdier
48:06 Conscription
47:55 Scale Barding Armor
OS | 展毅
0:48 Loom
22:20 Feudal Age
23:08 Double-Bit Axe
24:28 Town Watch
28:13 Pikeman
33:09 Horse Collar
37:00 Castle Age
35:12 Fishing Lines
36:40 Scale Mail Armor
37:08 Halberdier
37:49 Squires
38:13 Bow Saw
39:47 Gillnets
43:04 Gold Mining
47:20 Wheelbarrow
51:15 Imperial Age
49:01 Hand Cart
Yuki
5:06 Loom
11:12 Feudal Age
15:56 Castle Age
13:42 Double-Bit Axe
14:57 Fishing Lines
16:19 Bloodlines
16:30 Forging
21:02 Scale Barding Armor
23:36 Gillnets
24:19 Sanctity
24:44 Chain Barding Armor
27:39 Iron Casting
28:07 Wheelbarrow
27:18 Horse Collar
29:33 Husbandry
29:46 Fervor
31:03 Hand Cart
34:05 Imperial Age
32:22 Heavy Plow
34:05 Town Watch
34:14 Gold Mining
34:16 Stone Mining
34:14 Onager
34:15 Cavalier
35:32 Plate Barding Armor
35:12 Bow Saw
35:36 Block Printing
36:29 Paladin
38:16 Caravan
42:25 Redemption
43:24 Crop Rotation
44:16 Town Patrol
45:20 Stone Shaft Mining
45:45 Conscription
Connection lost

Rejoining the realm…

Still unreachable

The connection could not be restored.

Session expired

The server has moved on; the page needs a fresh start.